 Dungeon Crawl Stone Soup version 0.20.0-4-g10b340a (webtiles) character file.

102 Hasart the Sneak (level 4, 0/18 HPs)
             Began as a Felid Enchanter on May 27, 2017.
             Slain by a frilled lizard (2 damage)
             ... on level 4 of the Dungeon.
             The game lasted 00:08:48 (2782 turns).

Hasart the Sneak (Felid Enchanter)                  Turns: 2782, Time: 00:08:49

Health: 0/18       AC:  1    Str:  4    XL:     4   Next: 50%
Magic:  8/8        EV: 10    Int: 18    God:
Gold:   128        SH:  0    Dex: 16    Spells: 1/7 levels left
                                        Lives:  0   Deaths: 1

rFire    + . .     SeeInvis +     - Unarmed
rCold    . . .     Gourm    .   (shield unavailable)
rNeg     . . .     Faith    +   (armour unavailable)
rPois    .         Spirit   .   (helmet unavailable)
rElec    .         Reflect  .   (cloak unavailable)
rCorr    .         Harm     .   (gloves unavailable)
MR       .....                  (boots unavailable)
Stlth    ++++......             k - amulet of faith
Regen    0.1/turn               j - ring of protection from fire
MPRegen  0.2/turn               (no ring)

@: held, quick
A: no armour, no weapons or thrown items, stealth, claws 1, fangs 3, see
invisible, carnivore 3, speed 1, shaggy fur 1, slow metabolism 1, sharp paws
a: no special abilities


You were on level 4 of the Dungeon.
You were not hungry.

You visited 1 branch of the dungeon, and saw 3 of its levels.

You collected 128 gold pieces.

Inventory:

Jewellery
 j - a ring of protection from fire (left paw)
 k - an amulet of faith (around neck)
Scrolls
 c - a scroll of remove curse {unknown}
 g - 2 scrolls of teleportation {unknown}
 i - a scroll of immolation {unknown}
 m - a scroll of blinking {unknown}
Potions
 d - 2 potions of curing {unknown}
 e - a potion of agility {unknown}
 f - 2 potions of mutation {unknown}
 h - a potion of cancellation {unknown}
Books
 a - a book of Maledictions

   Spells                             Type                      Level
   a - Corona                         Hexes                        1
   b - Ensorcelled Hibernation        Hexes/Ice                    2
   c - Confuse                        Hexes                        3
   d - Tukima's Dance                 Hexes                        3
   e - Dazzling Spray                 Conjuration/Hexes            3
Comestibles
 b - a meat ration


   Skills:
 + Level 3.8 Dodging
 * Level 6.5 Stealth
 + Level 2.0 Unarmed Combat
 - Level 2.0 Spellcasting
 * Level 5.8 Hexes


You had one spell level left.
You knew the following spells:

 Your Spells              Type           Power        Failure   Level  Hunger
a - Confuse               Hex            ###.....     4%          3    ###....
b - Corona                Hex            ###....      1%          1    #......
c - Ensorcelled Hibernat  Hex/Ice        ##....       9%          2    ###....


Dungeon Overview and Level Annotations

Branches:
Dungeon (2/15)

Altars:


Innate Abilities, Weirdness & Mutations

You cannot wear armour.
You are incapable of wielding weapons or throwing items.
Your paws allow you to move quietly. (Stealth)
You have sharp claws.
You have razor-sharp teeth.
You have supernaturally acute eyesight. (SInv)
You are carnivorous and can eat meat at any time.
You cover ground quickly.
You are covered in fur. (AC +1)
You have a slow metabolism.
Your sharp claws are effective at attacking unaware monsters.


Message History

You scratch the hobgoblin.
The hobgoblin is moderately wounded.
The hobgoblin barely misses you. The hobgoblin hits you with a club.
An adder and a gnoll come into view.
You scratch the hobgoblin but do no damage.
Your bite misses the hobgoblin.
The hobgoblin is moderately wounded.
The gnoll throws a throwing net.
The throwing net hits you.
You become entangled in the net!
The hobgoblin hits you with a club.
* * * LOW HITPOINT WARNING * * *
You struggle against the net.
The hobgoblin barely misses you. The frilled lizard closely misses you.
You struggle against the net.
The hobgoblin hits you but does no damage.
The frilled lizard closely misses you. The hobgoblin misses you.
You tear a large gash into the net.
The gnoll hits you from afar with a spear.
* * * LOW HITPOINT WARNING * * *
The frilled lizard bites you.
You die...

# #[# #.#.### ..# #.>...
.## #...# # ##########
####...### .........##
#........#
######...###.###.##.#
##.#.#.##.# #.##.#
#.##.##.#.###.....
#@.........#####.#
.....Sgl#####.#..#####.#
#......g# #†.........#
.#####..# #...........
...# #....#.##### ##..#
#....#.##### ....
............ ....
.....##.##### .###### .#


You could see a gnoll, an adder, a hobgoblin (berserk) and a frilled lizard.

Vanquished Creatures
  A scorpion (D:4)
  An iguana (D:4)
  A worker ant (D:4)
  3 gnolls (D:4)
  An adder (D:2)
  2 oozes (D:1)
  3 leopard geckos
  An orc (D:4)
  3 giant cockroaches (D:2)
  7 goblins
  3 hobgoblins
  2 jackals (D:1)
  A quokka (D:2)
  A ball python (D:1)
  4 bats
  A frilled lizard (D:2)
  2 kobolds
  A quokka skeleton (D:4)
  8 rats
46 creatures vanquished.

Notes
Turn   | Place    | Note
-------+----------+-------------------------------------------
     0 | D:1      | Hasart the Felid Enchanter began the quest for the Orb.
     0 | D:1      | Reached XP level 1. HP: 7/7 MP: 4/4
   319 | D:1      | Reached XP level 2. HP: 10/11 MP: 6/6
   336 | D:1      | Learned a level 2 spell: Ensorcelled Hibernation
   826 | D:1      | Reached skill level 5 in Stealth
   881 | D:2      | Reached XP level 3. HP: 6/14 MP: 4/7
  1072 | D:2      | Learned a level 3 spell: Confuse
  1823 | D:2      | Reached skill level 5 in Hexes
  2042 | D:2      | You fall through a shaft for 2 floors!
  2109 | D:4      | Noticed a scorpion
  2397 | D:4      | Killed a scorpion
  2397 | D:4      | Reached XP level 4. HP: 14/18 MP: 1/8
  2494 | D:4      | Reached skill level 6 in Stealth
  2649 | D:4      | Reached XP level 5. HP: 16/21 MP: 3/9
  2723 | D:4      | Noticed an orc warrior
  2736 | D:4      | Slain by an orc warrior
  2737 | D:4      | Reached XP level 4. HP: -1/18 MP: 6/8
  2782 | D:4      | Slain by a frilled lizard

Skill      XL: |  1  2  3  4 |
---------------+-------------+-----
Dodging        | 3 |  3.8
Stealth        | 5 6 |  6.5
Hexes          | 5 |  5.8
Unarmed Combat | 2 |  2.0
Spellcasting   | |  2.0

Action                   |  1- 3 |  4- 6 || total
-------------------------+-------+-------++-------
Melee: Unarmed           |   136 |    25 ||   161
       Bite              |     8 |       ||     8
 Cast: Ensorcelled Hiber |     3 |       ||     3
       Confuse           |    11 |     8 ||    19
 Stab: Sleeping          |    14 |     1 ||    15
       Confused          |     5 |     5 ||    10
  Eat: Chunk             |    11 |     1 ||    12
Armor: Skin              |    11 |       ||    11
Dodge: Dodged            |    95 |    12 ||   107
